[Event "Titled Tuesday Blitz May 24 Early 2022"]
[White "Alinasab, Mobina"]
[Black "Kozak, Antoni"]
[WhiteFideId "12528897"]
[BlackFideId "21832030"]
[WhiteElo "2031"]
[BlackElo "2322"]
[Result "0-1"]
[Round "09"]
[TimeControl "180+1"]
[Date "2022.05.24"]
[WhiteClock "0:00:06"]
[BlackClock "0:00:11"]

1. Nf3 d5 2. g3 Nf6 3. Bg2 Bg4 4. O-O e6 5. d4 Be7 6. b3 O-O 7. Bb2 c6 8. c4 Nbd7 9. Nc3 a5 10. Ne5 Nxe5 11. dxe5 Nd7 12. h3 Bh5 13. f4 dxc4 14. Kh2 cxb3 15. axb3 Nc5 16. Qc2 Qb6 17. Ra3 Rfd8 18. g4 Bg6 19. f5 exf5 20. gxf5 Bh5 21. Bf3 Bxf3 22. Rxf3 Bf8 23. Na4 Nxa4 24. Rxa4 Rd5 25. Rg4 Qc7 26. Kg2 Rxe5 27. Bxe5 Qxe5 28. f6 g6 29. Re4 Qd5 30. Qc4 Qxc4 31. Rxc4 Re8 32. Kf2 h6 33. Re3 Rc8 34. Kf3 Kh7 35. Rce4 Bc5 36. Re8 Rxe8 37. Rxe8 g5 38. Re7 Kg6 39. Rxb7 Bb4 40. Rb6 c5 41. e4 Bc3 42. Rc6 Bd4 43. Ra6 h5 44. Rxa5 Kxf6 45. Ra6+ Ke5 46. Rc6 f6 47. Rc8 Kd6 48. Re8 Kc6 49. Rh8 h4 50. Rf8 Kb5 51. Kg4 Kb4 52. Rb8+ Kc3 53. Kf5 Be5 54. Rb5 Kd4 55. b4 c4 56. Rc5 c3 57. Rc8 Bd6 58. b5 Bc5 59. Rd8+ Kc4 60. Rd1 Kxb5 61. Kxf6 Be3 0-1


[Site "https://www.chess.com"]

[Event "Titled Tuesday Blitz May 24 Early 2022"]
[White "Al-Tarboush, Ward"]
[Black "Vignesh, N R"]
[WhiteFideId "7601450"]
[BlackFideId "25012215"]
[WhiteElo "2294"]
[BlackElo "2363"]
[Result "0-1"]
[Round "09"]
[TimeControl "180+1"]
[Date "2022.05.25"]
[WhiteClock "0:00:04"]
[BlackClock "0:01:10"]

1. e4 c5 2. Nf3 d6 3. d4 cxd4 4. Nxd4 Nf6 5. Nc3 Bd7 6. Bg5 e6 7. Qd2 Nc6 8. O-O-O a6 9. f4 Qb6 10. e5 dxe5 11. Nf5 exf5 12. Bxf6 Qd4 13. Qxd4 exd4 14. Bxd4 Nxd4 15. Rxd4 Bc5 16. Rd3 O-O-O 17. Be2 Bc6 18. Rg3 g6 19. Rf1 Rhe8 20. Bd3 Be3+ 21. Kd1 b5 22. Ne2 h5 23. h4 Bc5 24. a3 Be7 25. Rh1 Bf6 26. c3 Be4 27. Nd4 Bxd4 28. cxd4 Rxd4 29. Kc2 Bxd3+ 30. Rxd3 Re2+ 31. Kc3 Rxd3+ 32. Kxd3 Rxb2 33. Re1 Kd7 34. g3 Rb3+ 35. Kd4 Rxg3 36. Ke5 Ke7 37. Kd5+ Kf6 38. Rc1 Rd3+ 39. Kc6 Rxa3 40. Rd1 Ra4 41. Rd6+ Kg7 42. Kd7 Rxf4 43. Rxa6 Rxh4 44. Rb6 Re4 45. Rb7 b4 46. Kd8 h4 0-1


[Site "https://www.chess.com"]

[Event "Titled Tuesday Blitz May 24 Early 2022"]
[White "Antipov, Mikhail Al."]
[Black "Srihari L R"]
[WhiteFideId "4107012"]
[BlackFideId "46617116"]
[WhiteElo "2512"]
[BlackElo "2121"]
[Result "1-0"]
[Round "09"]
[TimeControl "180+1"]
[Date "2022.05.24"]
[WhiteClock "0:00:04"]
[BlackClock "0:00:04"]

1. e4 c6 2. d4 d5 3. exd5 cxd5 4. Bd3 Nc6 5. c3 Nf6 6. h3 g6 7. Nf3 Bf5 8. Bb5 Bg7 9. O-O O-O 10. Re1 Rc8 11. Be3 Qb6 12. Qe2 Na5 13. Na3 a6 14. Ba4 Bd7 15. Bd1 Ne4 16. Rb1 Bf5 17. Bc2 Nd6 18. Bf4 Bxc2 19. Nxc2 Ne4 20. Nb4 e6 21. Ne5 Rfe8 22. f3 Nf6 23. Nbd3 Nc4 24. g4 Qb5 25. Kg2 Re7 26. h4 Nd7 27. Nxd7 Qxd7 28. Rbc1 f6 29. b3 Na3 30. Nc5 Qc6 31. c4 dxc4 32. bxc4 e5 33. Bg3 Bf8 34. Qd3 exd4 35. Ne4 Nxc4 36. Qxd4 Rf7 37. g5 Bg7 38. gxf6 Bxf6 39. Nxf6+ Qxf6 40. Rxc4 Qxf3+ 41. Kh2 Rcf8 42. Rc2 Qf5 43. Rf2 Qa5 44. Rxf7 Rxf7 45. Re8+ Rf8 46. Qc4+ Kg7 47. Be5+ Kh6 48. Qc1+ Kh5 49. Qg5# 1-0


[Site "https://www.chess.com"]

[Event "Titled Tuesday Blitz May 24 Early 2022"]
[White "Aradhya, Garg"]
[Black "Ibrahimli, Murad"]
[WhiteFideId "25006746"]
[BlackFideId "13410229"]
[WhiteElo "2169"]
[BlackElo "2109"]
[Result "0-1"]
[Round "09"]
[TimeControl "180+1"]
[Date "2022.05.24"]
[WhiteClock "0:01:44"]
[BlackClock "0:02:01"]

1. d4 d5 2. c4 e6 3. Nc3 Nf6 4. cxd5 exd5 5. Bg5 c6 6. e3 Be7 7. Bd3 Nbd7 8. Qc2 h6 9. Bf4 Nh5 10. Bg3 Nxg3 11. hxg3 Nf6 12. Nf3 Bd6 13. O-O-O Be6 14. Kb1 Qe7 15. Ne5 O-O-O 16. Nb5 Kb8 17. Nxd6 Qxd6 18. f4 Rhf8 19. Rc1 Rc8 20. Qb3 Rc7 21. Rc2 Ne4 22. Rhc1 Rfc8 23. Bxe4 dxe4 24. Qc3 f6 25. Nc4 Qd5 26. b3 c5 27. dxc5 Rxc5 28. Qd2 Qd3 29. Qxd3 exd3 30. Rd2 b5 31. Rb2 bxc4 32. bxc4+ Ka8 33. Rc3 Bxc4 34. Kc1 Bxa2 35. Rxc5 Rxc5+ 36. Kd2 Rc2+ 37. Rxc2 dxc2 38. Kxc2 Bd5 39. Kc3 a5 40. Kd4 Bxg2 41. e4 Bxe4 42. Kxe4 Kb7 43. Kf5 a4 44. Kg6 a3 45. Kxg7 a2 46. Kxf6 a1=Q+ 47. Kg6 Qg1 48. f5 Qxg3+ 49. Kxh6 Qg8 50. f6 Kc6 0-1


[Site "https://www.chess.com"]

[Event "Titled Tuesday Blitz May 24 Early 2022"]
[White "Araujo Filho, Luiz Antonio Coel"]
[Black "Buscar, Michael"]
[WhiteFideId "2130661"]
[BlackFideId "2603616"]
[WhiteElo "2253"]
[BlackElo "2010"]
[Result "0-1"]
[Round "09"]
[TimeControl "180+1"]
[Date "2022.05.25"]
[WhiteClock "0:00:01"]
[BlackClock "0:00:28"]

1. d4 Nf6 2. Nf3 g6 3. c4 Bg7 4. Nc3 O-O 5. e4 d6 6. Be2 e5 7. dxe5 dxe5 8. O-O Qxd1 9. Rxd1 Re8 10. h3 c6 11. Be3 Na6 12. Rac1 Nd7 13. a3 Ndc5 14. b4 Ne6 15. b5 Nac5 16. bxc6 bxc6 17. Rd6 Bb7 18. Rb1 Rab8 19. Rxe6 Nxe6 20. Bxa7 Ra8 21. Rxb7 Nd8 22. Rd7 Bf8 23. Bb6 Rxa3 24. Bxd8 Rxc3 25. Ng5 h6 26. Nxf7 Rc2 27. Bf1 Rc1 28. g3 Rc2 29. h4 h5 30. Kg2 Re6 31. Ng5 Rd6 32. Rxd6 Bxd6 33. Bf6 Bc5 34. Bxe5 Rxf2+ 0-1


[Site "https://www.chess.com"]

[Event "Titled Tuesday Blitz May 24 Early 2022"]
[White "Avazkhonov, Alikhon"]
[Black "Kim, Sergey"]
[WhiteFideId "14208504"]
[BlackFideId "13700570"]
[WhiteElo "1739"]
[BlackElo "2526"]
[Result "0-1"]
[Round "09"]
[TimeControl "180+1"]
[Date "2022.05.25"]
[WhiteClock "0:00:01"]
[BlackClock "0:00:16"]

1. f4 d5 2. Nf3 c5 3. g3 Nc6 4. Bg2 g6 5. O-O Bg7 6. d3 Nf6 7. Qe1 O-O 8. e4 b6 9. Nc3 dxe4 10. dxe4 Ba6 11. Rf2 Qc7 12. e5 Ng4 13. Rd2 Rad8 14. h3 Nh6 15. b3 Nf5 16. Nd5 Qc8 17. g4 Nfd4 18. c4 Rfe8 19. Bb2 Nxf3+ 20. Bxf3 Bb7 21. Rad1 e6 22. Nf6+ Bxf6 23. exf6 Rxd2 24. Rxd2 Rd8 25. Qd1 Rxd2 26. Qxd2 Nd8 27. f5 exf5 28. Qh6 Ne6 29. Bd5 Bxd5 30. cxd5 Qf8 31. Qe3 f4 32. Qe5 Nd8 33. Qxf4 h6 34. Be5 Kh7 35. h4 Qe8 36. Kf2 Qd7 37. Kg3 Qxd5 38. h5 Qd3+ 39. Kg2 Ne6 40. hxg6+ Qxg6 41. Qf3 b5 42. Qf5 c4 43. bxc4 bxc4 44. Kf3 Qxf5+ 45. gxf5 Ng5+ 46. Ke3 h5 47. Bf4 Kh6 48. Kd4 h4 49. Kxc4 h3 50. Kb5 Kh5 51. Ka6 Kg4 52. Bb8 Ne4 53. Kxa7 Ng3 54. a4 h2 55. a5 h1=Q 56. a6 Qc6 57. Be5 Nxf5 58. Kb8 Qxa6 59. Kc7 Qe6 60. Bc3 Ne3 0-1


[Site "https://www.chess.com"]

[Event "Titled Tuesday Blitz May 24 Early 2022"]
[White "Avinash, Ramesh"]
[Black "Rom, Jasper"]
[WhiteFideId "45018340"]
[BlackFideId "2023733"]
[WhiteElo "1875"]
[BlackElo "2233"]
[Result "1-0"]
[Round "09"]
[TimeControl "180+1"]
[Date "2022.05.25"]
[WhiteClock "0:00:36"]
[BlackClock "0:00:01"]

1. c4 e6 2. d4 d5 3. Nc3 c6 4. Nf3 dxc4 5. e4 b5 6. Bg5 Qb6 7. Be2 Nd7 8. O-O Ngf6 9. e5 Nd5 10. a4 Bb4 11. Qc2 h6 12. Bd2 Be7 13. b3 cxb3 14. Qxb3 b4 15. Nxd5 cxd5 16. a5 Qb7 17. Rfb1 Rb8 18. Ra4 Nf8 19. Ne1 Bd7 20. Ra2 Ng6 21. Rab2 Qc7 22. Nd3 Qxa5 23. Nxb4 O-O 24. Qd1 Qb6 25. Na6 Qxb2 26. Nxb8 Rxb8 27. Rxb2 Rxb2 28. g3 Rb6 29. Kg2 Bf8 30. Qa1 Rb7 31. Qa6 Rb2 32. Be3 Ne7 33. Bc1 Rb1 34. Qxa7 Rxc1 35. Qxd7 Nf5 36. Bh5 g6 37. Bxg6 fxg6 38. Qxe6+ Kg7 39. Qxd5 Rd1 40. Qd7+ Kg8 41. d5 1-0


[Site "https://www.chess.com"]

[Event "Titled Tuesday Blitz May 24 Early 2022"]
[White "Baches Garcia, Guillermo"]
[Black "Kowalysko, Roman"]
[WhiteFideId "2209764"]
[BlackFideId "30918510"]
[WhiteElo "2482"]
[BlackElo "2178"]
[Result "1-0"]
[Round "09"]
[TimeControl "180+1"]
[Date "2022.05.25"]
[WhiteClock "0:00:20"]
[BlackClock "0:00:15"]

1. e4 c5 2. Nf3 d6 3. d4 cxd4 4. Nxd4 Nf6 5. Nc3 g6 6. g3 Nc6 7. Nde2 Bg4 8. Bg2 Ne5 9. O-O Bf3 10. Bf4 Bxg2 11. Kxg2 Bg7 12. Bxe5 dxe5 13. Qxd8+ Rxd8 14. Rfd1 O-O 15. f3 h5 16. h4 Bh6 17. Rxd8 Rxd8 18. Rd1 Rxd1 19. Nxd1 Nd7 20. Kf2 Kf8 21. Ne3 e6 22. Nc4 Ke7 23. Nc3 f6 24. a4 Nb8 25. Nb5 Nc6 26. Nbd6 b6 27. c3 Kd7 28. Nb5 Bf8 29. b4 Be7 30. Ke2 g5 31. hxg5 fxg5 32. Nba3 h4 33. gxh4 gxh4 34. Kf2 Kc7 35. Nc2 a5 36. b5 Nd4 37. cxd4 exd4 38. Ne1 Bc5 39. Nd3 Kd7 40. Kg2 Ke7 41. Kh3 Kf6 42. Kxh4 Kg6 43. Kg4 Kf6 44. e5+ Ke7 45. Nxc5 bxc5 46. f4 Kd7 47. f5 exf5+ 48. Kxf5 Ke7 49. b6 d3 50. b7 d2 51. Nxd2 c4 52. Nxc4 Kd7 53. b8=Q Kc6 54. Qd6+ Kb7 55. Qb6+ Ka8 56. Qxa5+ Kb7 57. Qb5+ Kc7 58. Qc5+ Kd7 59. Qd6+ Kc8 60. Qe7 Kb8 61. Qd7 Ka8 62. e6 Kb8 63. a5 Ka8 64. Ke5 Kb8 65. Kd5 Ka8 66. e7 Kb8 67. e8=Q# 1-0


[Site "https://www.chess.com"]

[Event "Titled Tuesday Blitz May 24 Early 2022"]
[White "Bacrot, Etienne"]
[Black "Livaic, Leon"]
[WhiteFideId "605506"]
[BlackFideId "14531534"]
[WhiteElo "2673"]
[BlackElo "2540"]
[Result "1-0"]
[Round "09"]
[TimeControl "180+1"]
[Date "2022.05.24"]
[WhiteClock "0:00:22"]
[BlackClock "0:00:21"]

1. d4 e6 2. Nf3 Nf6 3. g3 d5 4. Bg2 Be7 5. O-O O-O 6. b3 a5 7. c4 c6 8. Bb2 b6 9. Nbd2 Ba6 10. Qc2 Nbd7 11. e4 Rc8 12. Rad1 b5 13. Rfe1 bxc4 14. bxc4 dxc4 15. Nxc4 Bb4 16. Re3 c5 17. d5 exd5 18. exd5 Bxc4 19. Qxc4 Nb6 20. Qh4 Nfxd5 21. Ng5 h6 22. Re5 c4 23. Bxd5 Nxd5 24. Rdxd5 c3 25. Rxd8 cxb2 26. Rxf8+ Bxf8 27. Rb5 Bb4 28. Qe4 Rc1+ 29. Kg2 b1=Q 30. Rb8+ 1-0


[Site "https://www.chess.com"]

[Event "Titled Tuesday Blitz May 24 Early 2022"]
[White "Bas Mas, Jose Joaquin"]
[Black "Vainio, Ville"]
[WhiteFideId "22219064"]
[BlackFideId "507270"]
[WhiteElo "2233"]
[BlackElo "2219"]
[Result "1-0"]
[Round "09"]
[TimeControl "180+1"]
[Date "2022.05.25"]
[WhiteClock "0:00:19"]
[BlackClock "0:00:01"]

1. e4 d6 2. d4 Nf6 3. Nc3 g6 4. Bg5 Bg7 5. e5 Nfd7 6. exd6 cxd6 7. Nf3 Nb6 8. Be2 Nc6 9. a4 a5 10. O-O O-O 11. h3 Bf5 12. Rc1 Rc8 13. Re1 Re8 14. Bb5 Bd7 15. Qd2 Nb4 16. Bh6 Bh8 17. Ne4 Bxb5 18. axb5 Nc4 19. Qc3 Nd5 20. Qb3 Nf6 21. c3 Nxe4 22. Rxe4 d5 23. Re2 Qb6 24. Qa4 e6 25. Ra1 Ra8 26. Bf4 Nd6 27. Bxd6 Qxd6 28. b3 b6 29. Rae1 Rac8 30. Re3 Rc7 31. Ne5 Bxe5 32. dxe5 Qd7 33. Rd1 Rec8 34. Rdd3 Qe7 35. h4 h5 36. Rg3 Kh7 37. Qf4 Rc5 38. Rdf3 R8c7 39. Qe3 Rxb5 40. Rf6 Rxb3 41. Qd4 Kg7 42. Rgf3 Rb2 43. Qf4 1-0


[Site "https://www.chess.com"]

[Event "Titled Tuesday Blitz May 24 Early 2022"]
[White "Bifulco, Michel"]
[Black "Przybylski, Wojciech"]
[WhiteFideId "828580"]
[BlackFideId "1117599"]
[WhiteElo "2165"]
[BlackElo "2133"]
[Result "1-0"]
[Round "09"]
[TimeControl "180+1"]
[Date "2022.05.25"]
[WhiteClock "0:01:23"]
[BlackClock "0:00:03"]

1. d4 Nf6 2. Nc3 d5 3. Bf4 Bf5 4. f3 e6 5. g4 Bg6 6. h4 h5 7. g5 Nfd7 8. e3 Bd6 9. Nh3 Bb4 10. Bg3 Bxc3+ 11. bxc3 Nb6 12. Nf4 Nc6 13. Bd3 Bxd3 14. cxd3 Ne7 15. e4 Rc8 16. a4 c5 17. a5 Nd7 18. O-O cxd4 19. cxd4 Ng6 20. Nxg6 fxg6 21. exd5 exd5 22. Re1+ Kf7 23. Qb3 Nb8 24. Qxb7+ Qd7 25. Rab1 Rhe8 26. Rxe8 Rxe8 27. Bxb8 Re1+ 28. Kf2 Re7 29. Qxd7 Rxd7 30. Bd6 Rxd6 31. Rb7+ Ke6 32. Rxa7 Rc6 33. Rxg7 Rc2+ 34. Ke3 Ra2 35. Rxg6+ Kf7 36. Rf6+ Kg7 37. a6 Ra4 38. Rd6 Kf7 39. f4 Kg7 40. f5 Kf7 41. Rb6 Kg7 42. Rb7+ Kf8 43. a7 Kg8 44. Rb8+ Kh7 45. a8=Q 1-0


[Site "https://www.chess.com"]

[Event "Titled Tuesday Blitz May 24 Early 2022"]
[White "Brodowski, Piotr"]
[Black "Estrada Nieto, Julian"]
[WhiteFideId "1124480"]
[BlackFideId "5101018"]
[WhiteElo "2431"]
[BlackElo "2252"]
[Result "1-0"]
[Round "09"]
[TimeControl "180+1"]
[Date "2022.05.25"]
[WhiteClock "0:01:13"]
[BlackClock "0:01:03"]

1. e4 e5 2. Nf3 Nc6 3. d4 exd4 4. Bc4 Bc5 5. Ng5 Nh6 6. Nxf7 Nxf7 7. Bxf7+ Kxf7 8. Qh5+ g6 9. Qxc5 d5 10. O-O dxe4 11. c3 Qd6 12. cxd4 Nxd4 13. Qxd6 cxd6 14. Nc3 Bf5 15. Be3 Nc2 16. Rad1 Nxe3 17. fxe3 Ke6 18. Rd4 Rhf8 19. g4 Ke5 20. gxf5 gxf5 21. Rfd1 Rad8 22. Ne2 Rg8+ 23. Kf2 Rg6 24. Nf4 Rh6 25. Rd5+ Kf6 26. Rxd6+ Rxd6 27. Rxd6+ Kg5 28. Rxh6 Kxh6 29. Kg3 Kg5 30. Nd5 h5 31. h4+ 1-0


[Site "https://www.chess.com"]

[Event "Titled Tuesday Blitz May 24 Early 2022"]
[White "Cardoso Cardoso, Jose Gabriel"]
[Black "Tregubov, Pavel V."]
[WhiteFideId "4430492"]
[BlackFideId "4115341"]
[WhiteElo "2485"]
[BlackElo "2341"]
[Result "1-0"]
[Round "09"]
[TimeControl "180+1"]
[Date "2022.05.24"]
[WhiteClock "0:00:05"]
[BlackClock "0:00:03"]

1. c4 Nf6 2. Nc3 c5 3. Nf3 Nc6 4. e3 e6 5. d4 d5 6. a3 a6 7. dxc5 Bxc5 8. Be2 O-O 9. O-O dxc4 10. Bxc4 Qe7 11. b4 Rd8 12. Qe2 Bd6 13. Bb3 b5 14. e4 Ng4 15. Bg5 f6 16. Bh4 Kh8 17. Rad1 Bb7 18. Bg3 Bxg3 19. hxg3 Rac8 20. Rxd8+ Rxd8 21. Rd1 Nge5 22. Rxd8+ Qxd8 23. Bxe6 Nd4 24. Nxd4 Qxd4 25. Nd5 Nc4 26. Qh5 Nd6 27. Bf5 h6 28. Ne7 Bxe4 29. Be6 Qe5 30. Qxe5 fxe5 31. f3 Bb1 32. Nc6 Nc4 33. Kf2 Nxa3 34. Nxe5 g5 35. Bc8 Nc4 36. Nc6 1-0


[Site "https://www.chess.com"]

[Event "Titled Tuesday Blitz May 24 Early 2022"]
[White "Chernomordik, Pavel"]
[Black "Kvaloy, Aksel Bu"]
[WhiteFideId "2804530"]
[BlackFideId "1528815"]
[WhiteElo "2220"]
[BlackElo "2053"]
[Result "1-0"]
[Round "09"]
[TimeControl "180+1"]
[Date "2022.05.25"]
[WhiteClock "0:00:04"]
[BlackClock "0:00:02"]

1. e4 e5 2. Nf3 Nc6 3. Bb5 a6 4. Ba4 Nf6 5. Qe2 b5 6. Bb3 Be7 7. d4 d6 8. c3 O-O 9. h3 Bb7 10. O-O Nd7 11. Rd1 Bf6 12. Be3 Re8 13. Nbd2 Na5 14. Bc2 c5 15. d5 c4 16. b4 cxb3 17. axb3 Rc8 18. b4 Nc4 19. Nxc4 Rxc4 20. Bd2 Nb6 21. Nh2 g6 22. Ng4 Bg7 23. Ne3 Rc8 24. Bd3 Qc7 25. Rdc1 f5 26. exf5 Nxd5 27. Nxd5 Bxd5 28. fxg6 e4 29. gxh7+ Kh8 30. Bb1 Be5 31. Rxa6 Qg7 32. Be3 Bxc3 33. Qh5 Bf7 34. Qg4 Qxg4 35. hxg4 Bxb4 36. Rxc8 Rxc8 37. Bxe4 Bc5 38. Bf5 Rb8 39. Bf4 b4 40. Bc1 Bd4 41. Rxd6 Bc3 42. Rd7 Ba2 43. Bf4 Re8 44. Rc7 Bg7 45. Bg6 Rf8 46. Be3 b3 47. Rxg7 Kxg7 48. Bd4+ Kxg6 49. h8=Q Rxh8 50. Bxh8 Bb1 51. f3 Bd3 52. Kf2 Ba6 53. Kg3 Bf1 54. f4 Bd3 55. f5+ Kf7 56. Kf4 Bc4 57. g5 Kg8 58. Bb2 Bd5 59. g4 Bf7 60. g6 Bd5 61. Kg5 Bc4 62. f6 Be6 63. f7+ Kf8 64. Kf6 Bxf7 65. Ba3+ 1-0


[Site "https://www.chess.com"]

[Event "Titled Tuesday Blitz May 24 Early 2022"]
[White "Chuemsakul, Sarocha"]
[Black "Osiecki, Stanislaw"]
[WhiteFideId "6203710"]
[BlackFideId "1102990"]
[WhiteElo "1703"]
[BlackElo "2127"]
[Result "1-0"]
[Round "09"]
[TimeControl "180+1"]
[Date "2022.05.25"]
[WhiteClock "0:01:40"]
[BlackClock "0:00:40"]

1. d4 Nf6 2. c4 g6 3. Nc3 Bg7 4. e4 d6 5. Nf3 O-O 6. Be2 e5 7. O-O Nbd7 8. h3 c6 9. Be3 Nh5 10. Qd2 f5 11. Bg5 Bf6 12. Bxf6 Nhxf6 13. exf5 gxf5 14. Qg5+ Kh8 15. Qxf5 exd4 16. Nxd4 Nc5 17. Qc2 Rg8 18. Kh1 Qf8 19. Nf5 Nfe4 20. Nxe4 Bxf5 21. f3 Qg7 22. Rf2 Rae8 23. Bd3 Nxd3 24. Qxd3 Qe5 25. Rd1 Bxe4 26. fxe4 Qxe4 27. Qxd6 Rd8 28. Qf6+ Rg7 29. Rxd8+ 1-0


[Site "https://www.chess.com"]

[Event "Titled Tuesday Blitz May 24 Early 2022"]
[White "Costachi, Mihnea"]
[Black "Le, Tuan Minh"]
[WhiteFideId "1217518"]
[BlackFideId "12401153"]
[WhiteElo "2476"]
[BlackElo "2450"]
[Result "0-1"]
[Round "09"]
[TimeControl "180+1"]
[Date "2022.05.24"]
[WhiteClock "0:00:16"]
[BlackClock "0:00:21"]

1. d4 d5 2. c4 c6 3. Nf3 Nf6 4. Nc3 a6 5. cxd5 cxd5 6. Bf4 Nc6 7. e3 Bg4 8. Bd3 e6 9. O-O Bd6 10. Bg3 O-O 11. Rc1 Rc8 12. h3 Bh5 13. Bh4 Be7 14. Be2 Bxf3 15. Bxf3 Nd7 16. Bg3 Qa5 17. a3 Rfd8 18. Be2 b5 19. Bd3 Nb6 20. Ra1 Nc4 21. b4 Qb6 22. Qh5 g6 23. Qe2 a5 24. a4 axb4 25. Nxb5 Na7 26. Nxa7 Qxa7 27. h4 h5 28. Bf4 f5 29. Rfc1 Na3 30. Bb5 Rc3 31. f3 Rdc8 32. Rxc3 bxc3 33. Rc1 c2 34. Qd3 Qa5 35. Bd7 Rc3 36. Bxe6+ Kf8 37. Bh6+ Ke8 38. Qe2 Qxa4 39. e4 Qxd4+ 40. Kh1 fxe4 41. Qa6 Bd8 42. Qa8 Qd1+ 43. Kh2 Qd4 44. Bf4 exf3 45. Bg5 Qe5+ 46. Kg1 Qxe6 47. Qxd8+ Kf7 48. Qh8 Re3 49. Qh7+ Ke8 50. Qh8+ Kd7 51. Qg7+ Kc6 52. Qa7 Re1+ 53. Kh2 Rxc1 54. Qa6+ Kd7 55. Qb7+ Ke8 56. Qa8+ Kf7 57. Qb7+ Kf8 58. Qb4+ Kg8 59. Qb8+ Kg7 60. Qb2+ Kf8 61. Bxc1 Nc4 62. Qh8+ Ke7 63. Bg5+ Kd7 64. Qg7+ Kc6 65. Qa1 Qe5+ 66. Qxe5 Nxe5 67. Kg3 fxg2 68. Kxg2 Nd3 69. Kf3 Kd6 70. Ke2 c1=Q 71. Bxc1 Nxc1+ 72. Kd2 Nb3+ 73. Kc3 Nc5 74. Kd4 Ne6+ 75. Ke3 Ke5 76. Kf3 Kf5 77. Kg3 d4 78. Kf3 d3 79. Ke3 Nc5 80. Kd4 Kg4 81. Ke3 Kxh4 82. Kf4 d2 83. Kf3 d1=Q+ 84. Kf4 Qd4+ 85. Kf3 Qe4+ 86. Kf2 Nd3+ 87. Kg1 Qe1+ 88. Kh2 Qg3+ 89. Kh1 Nf2# 0-1


[Site "https://www.chess.com"]

[Event "Titled Tuesday Blitz May 24 Early 2022"]
[White "Coto Mederos, Michel"]
[Black "Sokolovsky, Yahli"]
[WhiteFideId "3508528"]
[BlackFideId "2820242"]
[WhiteElo "2427"]
[BlackElo "1770"]
[Result "0-1"]
[Round "09"]
[TimeControl "180+1"]
[Date "2022.05.24"]
[WhiteClock "0:00:06"]
[BlackClock "0:00:51"]

1. d4 d6 2. c4 e5 3. Nf3 e4 4. Nfd2 f5 5. e3 Nf6 6. Nc3 Be7 7. b4 O-O 8. Bb2 c6 9. d5 Nbd7 10. Nb3 Ne5 11. Be2 Kh8 12. Qd2 Qe8 13. O-O-O cxd5 14. Nxd5 Nxd5 15. Qxd5 Qa4 16. Qa5 Qxa5 17. Nxa5 Be6 18. Nxb7 Bxc4 19. Bxc4 Nxc4 20. Bc3 Rfc8 21. Kc2 Rab8 22. Na5 Nxa5 23. bxa5 Bf6 24. Rd4 Bxd4 25. exd4 d5 26. Rc1 Rc4 27. Kd2 Rbc8 28. Rc2 f4 29. g3 g5 30. Rc1 e3+ 31. fxe3 fxe3+ 32. Kd3 e2 0-1


[Site "https://www.chess.com"]

[Event "Titled Tuesday Blitz May 24 Early 2022"]
[White "Csonka, Balazs"]
[Black "Martin Carmona, Gaston Manuel"]
[WhiteFideId "742910"]
[BlackFideId "22284567"]
[WhiteElo "2404"]
[BlackElo "2162"]
[Result "1-0"]
[Round "09"]
[TimeControl "180+1"]
[Date "2022.05.24"]
[WhiteClock "0:00:08"]
[BlackClock "0:00:06"]

1. e4 c5 2. Nf3 d6 3. d4 cxd4 4. Nxd4 Nf6 5. Nc3 g6 6. Be3 Bg7 7. Be2 Nc6 8. Qd2 O-O 9. O-O-O Ng4 10. Bxg4 Bxg4 11. f3 Bd7 12. Kb1 Ne5 13. b3 Rc8 14. h4 Re8 15. h5 Qa5 16. Nce2 Qxd2 17. Rxd2 b5 18. Nf4 e6 19. hxg6 hxg6 20. Nde2 Rc6 21. Bxa7 Ra8 22. Bd4 Rca6 23. c3 Bf6 24. Nd3 Kg7 25. Nxe5 dxe5 26. Be3 Bc6 27. Nc1 Be7 28. Nd3 Ra5 29. Nxe5 Be8 30. Bd4 Bf6 31. Nd3 Bxd4 32. cxd4 R5a7 33. Nb4 Rd8 34. d5 exd5 35. exd5 Bd7 36. Kb2 Rc7 37. Rc1 Rxc1 38. Kxc1 g5 39. Kb2 Kf6 40. Kc3 Ke5 41. Re2+ Kf4 42. Kd4 f5 43. d6 Be8 44. Kc5 g4 45. Nd5+ Kg3 46. fxg4 fxg4 47. Nf6 Bg6 48. d7 Bf5 49. Kd6 Bxd7 50. Nxd7 Rh8 51. Kc5 Rh2 52. Ne5 Rxg2 53. Rxg2+ Kxg2 54. Nxg4 1-0


[Site "https://www.chess.com"]

[Event "Titled Tuesday Blitz May 24 Early 2022"]
[White "D`Arruda, Ricardo D."]
[Black "Papasimakopoulos, Alexandros"]
[WhiteFideId "100692"]
[BlackFideId "4244125"]
[WhiteElo "2501"]
[BlackElo "2340"]
[Result "0-1"]
[Round "09"]
[TimeControl "180+1"]
[Date "2022.05.25"]
[WhiteClock "0:01:31"]
[BlackClock "0:01:31"]

1. d4 e6 2. e4 d5 3. Nc3 Bb4 4. Qg4 Nf6 5. Qxg7 Rg8 6. Qh6 Rg6 7. Qh4 Nxe4 8. Qxd8+ Kxd8 9. Ne2 c5 10. Be3 cxd4 11. Bxd4 Nc6 12. O-O-O Nxd4 13. Nxe4 Nxe2+ 14. Bxe2 Rxg2 15. Bf3 Rg6 16. c4 Ke7 17. cxd5 exd5 18. Rxd5 Rc6+ 19. Kb1 Be6 20. Rb5 Rb6 21. Rxb6 axb6 22. a3 Bd6 23. Nxd6 Kxd6 24. Bxb7 Ra4 25. Rd1+ Kc7 26. Bg2 Rh4 27. Rh1 Kd6 28. h3 Rf4 29. Rf1 Kc5 30. Kc2 Bc4 31. Kc3 Bxf1 0-1


[Site "https://www.chess.com"]

[Event "Titled Tuesday Blitz May 24 Early 2022"]
[White "Dahlgren, James Allen"]
[Black "Roman, Rodrigo"]
[WhiteFideId "22256873"]
[BlackFideId "3701220"]
[WhiteElo "2073"]
[BlackElo "2001"]
[Result "1-0"]
[Round "09"]
[TimeControl "180+1"]
[Date "2022.05.25"]
[WhiteClock "0:00:05"]
[BlackClock "0:00:16"]

1. d3 c5 2. f4 Nc6 3. Nf3 d5 4. g3 Nf6 5. Bg2 h5 6. O-O Bg4 7. Nc3 e6 8. h3 Bxf3 9. Bxf3 h4 10. g4 Nd4 11. Bg2 Bd6 12. e3 Nc6 13. e4 d4 14. Ne2 e5 15. f5 Nh7 16. c4 Be7 17. a3 Bg5 18. Rb1 a5 19. Qa4 Ra6 20. Qb5 Qb6 21. Rd1 Kd7 22. Kf2 Kd6 23. Bf1 a4 24. b4 Na7 25. bxc5+ Qxc5 26. Qxb7 Rc6 27. Bd2 Bxd2 28. Rxd2 Rc7 29. Rb6+ Kd7 30. Qa6 Nc6 31. Rdb2 Qxa3 32. Rxc6 Rxc6 33. Rb7+ Kd6 34. Qa7 Rd8 35. Rxf7 Ng5 36. Qe7# 1-0


[Site "https://www.chess.com"]

[Event "Titled Tuesday Blitz May 24 Early 2022"]
[White "De Souza, Cristiano Gomes"]
[Black "Piliczewski, Bogusz"]
[WhiteFideId "2151758"]
[BlackFideId "1104144"]
[WhiteElo "2068"]
[BlackElo "1896"]
[Result "1-0"]
[Round "09"]
[TimeControl "180+1"]
[Date "2022.05.25"]
[WhiteClock "0:01:41"]
[BlackClock "0:00:01"]

1. d4 d5 2. c4 c6 3. Nf3 Nf6 4. Nc3 e6 5. Bg5 Nbd7 6. e3 Qa5 7. Nd2 Bb4 8. Qc2 O-O 9. Be2 c5 10. O-O cxd4 11. Nb3 Qc7 12. Nb5 Qe5 13. Bxf6 Qxf6 14. N5xd4 dxc4 15. Qxc4 Bd6 16. Rac1 Ne5 17. Qc2 Bd7 18. Nf3 Rac8 19. Qd2 Nxf3+ 20. Bxf3 Qe5 21. g3 Bb5 22. Rxc8 Rxc8 23. Rc1 Rxc1+ 24. Qxc1 b6 25. Qc8+ Bf8 26. Nd4 Bd3 27. Nc6 Qf6 28. Kg2 a6 29. Qb7 1-0


[Site "https://www.chess.com"]

[Event "Titled Tuesday Blitz May 24 Early 2022"]
[White "Derraugh, Geordie"]
[Black "Skuhala, Barbara"]
[WhiteFideId "2603950"]
[BlackFideId "14605465"]
[WhiteElo "2116"]
[BlackElo "2155"]
[Result "1-0"]
[Round "09"]
[TimeControl "180+1"]
[Date "2022.05.25"]
[WhiteClock "0:00:10"]
[BlackClock "0:00:31"]

1. e4 c5 2. c3 d5 3. exd5 Qxd5 4. d4 cxd4 5. Nf3 e6 6. cxd4 Nf6 7. Nc3 Bb4 8. Bd3 O-O 9. O-O Bxc3 10. bxc3 b6 11. Re1 Ba6 12. Bc2 Bb7 13. Bg5 Nbd7 14. Qd3 Rac8 15. Rac1 Rfd8 16. Bb1 Qc4 17. Qe3 Nd5 18. Qe4 N7f6 19. Qh4 Qc6 20. Ne5 Qc7 21. c4 h6 22. cxd5 hxg5 23. Rxc7 gxh4 24. Rxb7 Rxd5 25. Nxf7 Rxd4 26. Ng5 Rdc4 27. Bg6 Rc1 28. Kf1 Rxe1+ 29. Kxe1 Ng4 30. Nxe6 Ne5 31. Rxg7+ Kh8 32. Bf5 Re8 33. Rxa7 Nc4 34. Rh7+ Kg8 35. Rxh4 Nd6 36. Bh3 Ra8 37. Rg4+ Kh8 38. Rd4 Nb5 39. Rh4+ Kg8 40. a4 Nd6 41. Nc7 Ra5 42. Be6+ Kg7 43. Rb4 Re5+ 44. Kd2 Rc5 45. Nd5 Nc4+ 46. Kd3 Nd6 47. Rxb6 Ne8 48. Rb7+ Kh6 49. Ne3 Nf6 50. Bf5 Rc1 51. h4 Ra1 52. g4 Ra3+ 53. Ke2 Ra2+ 54. Kf3 Rxf2+ 55. Kxf2 Ne4+ 56. Ke1 1-0


[Site "https://www.chess.com"]